HSSL
H.H. DOW HS CHARGERS @ BISHOP GORMAN HS
04/29/2023
 
TOP OF THE 1ST
H.H. Dow HS Chargers batting - Pitching for Bishop Gorman HS : RHP Dan Gibson
Pitching: RHP Dan Gibson
Batting: RHB Kris Ballard 0-0: Called Strike
0-1: Ball
1-1: Ball
2-1: Ball
3-1: Foul Ball, location: 2F
3-2: Foul Ball, location: 2F
3-2: Fly out, F5 (Popup, 25F)
Batting: RHB Matt Osborne 0-0: Ball
1-0: Ball
2-0: Foul Ball, location: 2F
2-1: Swinging Strike
2-2: Fly out, F7 (Flyball, 7LM)
Batting: SHB Caden Keith 0-0: Ball
1-0: Ball
2-0: Swinging Strike
2-1: Ball
3-1: Swinging Strike
3-2: Base on Balls
Batting: LHB José Morales 0-0: Ball
1-0: Called Strike
1-1: Fielders Choice at 2nd, U6 (Groundball, 6M)
Top of the 1st over - 0 run(s), 0 hit(s), 0 error(s), 1 left on base; H.H. Dow HS 0 - Bishop Gorman HS 0
BOTTOM OF THE 1ST
Bishop Gorman HS batting - Pitching for H.H. Dow HS Chargers : RHP Dustin Taylor
Pitching: RHP Dustin Taylor
Batting: LHB Jean-Sébastien Beaudin 0-0: SINGLE (Flyball, 78S)
Batting: RHB Eugene Salazar 0-0: Called Strike
0-1: Ball
1-1: Ball
2-1: Ball
3-1: Called Strike
3-2: Foul Ball, location: 2F
3-2: Strikes out swinging
Jean-Sébastien Beaudin steals 2nd base
Batter strikes out.
Batting: RHB Vincent Braun 0-0: Foul Ball, location: 2F
0-1: Reached on error, E6 (Groundball, 6)
Jean-Sébastien Beaudin to third
Batting: RHB Gary Robinson 0-0: Ball
1-0: SINGLE (Line Drive, 5)
Jean-Sébastien Beaudin scores
Vincent Braun to second
Batting: RHB Joe Atkinson 0-0: Called Strike
0-1: Ball
1-1: Ball
2-1: Swinging Strike
2-2: Fly out, F7 (Flyball, 7M)
Batting: SHB Darren Ramsey 0-0: Ball
1-0: Fielders Choice at 2nd, 6-4 (Groundball, 6)
Bottom of the 1st over - 1 run(s), 2 hit(s), 1 error(s), 1 left on base; H.H. Dow HS 0 - Bishop Gorman HS 1
TOP OF THE 2ND
H.H. Dow HS Chargers batting - Pitching for Bishop Gorman HS : RHP Dan Gibson
Batting: RHB Jesús Domínguez 0-0: Ball
1-0: Swinging Strike
1-1: Called Strike
1-2: Foul Ball, location: 2F
1-2: Ball
2-2: Ball
3-2: Fly out, F4 (Popup, 6MD)
Batting: RHB Tanner Albert 0-0: Called Strike
0-1: Swinging Strike
0-2: Ball
1-2: Foul Ball, location: 2F
1-2: Foul Ball, location: 2F
1-2: Foul Ball, location: 2F
1-2: Foul Ball, location: 2F
1-2: Foul Ball, location: 2F
1-2: Ball
2-2: Ground out 4-3 (Groundball, 4)
Batting: LHB Larry Battle 0-0: Called Strike
0-1: Foul Ball, location: 2F
0-2: Strikes out looking
Top of the 2nd over - 0 run(s), 0 hit(s), 0 error(s), 0 left on base; H.H. Dow HS 0 - Bishop Gorman HS 1
BOTTOM OF THE 2ND
Bishop Gorman HS batting - Pitching for H.H. Dow HS Chargers : RHP Dustin Taylor
Batting: RHB Tim Bonner 0-0: Ball
1-0: Ball
2-0: Called Strike
2-1: Called Strike
2-2: Foul Ball, location: 2F
2-2: Ball
3-2: Foul Ball, location: 2F
3-2: Strikes out swinging
Batting: LHB Jack Jefferson 0-0: Fly out, F3 (Popup, 3SF)
Batting: RHB Kip Murphy 0-0: Ball
1-0: Ball
2-0: Called Strike
2-1: Ball
3-1: Foul Ball, location: 2F
3-2: Strikes out swinging
Bottom of the 2nd over - 0 run(s), 0 hit(s), 0 error(s), 0 left on base; H.H. Dow HS 0 - Bishop Gorman HS 1
TOP OF THE 3RD
H.H. Dow HS Chargers batting - Pitching for Bishop Gorman HS : RHP Dan Gibson
Batting: LHB Paul Cotton 0-0: Ball
1-0: Ball
2-0: SINGLE (Line Drive, 89S)
Batting: LHB Gary Powers 0-0: Swinging Strike
0-1: Ball
1-1: Ball
2-1: Ball
3-1: Base on Balls
Paul Cotton to second
Batting: RHB Kris Ballard 0-0: Hit by Pitch
Paul Cotton to third
Gary Powers to second
Batting: RHB Matt Osborne 0-0: Ball
1-0: Ball
2-0: Ball
3-0: Base on Balls
Paul Cotton scores
Gary Powers to third
Kris Ballard to second
Batting: SHB Caden Keith 0-0: Ball
1-0: Ball
2-0: Called Strike
2-1: Foul Ball, location: 2F
2-2: Ball
3-2: Base on Balls
Gary Powers scores
Kris Ballard to third
Matt Osborne to second
Batting: LHB José Morales 0-0: Called Strike
0-1: Foul Ball, location: 2F
0-2: Strikes out swinging
Batting: RHB Jesús Domínguez 0-0: Ball
1-0: Ball
2-0: Foul Ball, location: 2F
2-1: Called Strike
2-2: Strikes out looking
Batting: RHB Tanner Albert 0-0: Called Strike
0-1: DOUBLE (Groundball, 3L)
Kris Ballard scores
Matt Osborne scores
Caden Keith to third
Batting: LHB Larry Battle 0-0: SINGLE (Flyball, 6MD)
Caden Keith scores
Tanner Albert to third
Batting: LHB Paul Cotton 0-0: Called Strike
0-1: Foul Ball, location: 2F
0-2: Strikes out swinging
Top of the 3rd over - 5 run(s), 3 hit(s), 0 error(s), 2 left on base; H.H. Dow HS 5 - Bishop Gorman HS 1
BOTTOM OF THE 3RD
Bishop Gorman HS batting - Pitching for H.H. Dow HS Chargers : RHP Dustin Taylor
Batting: LHB Jean-Sébastien Beaudin 0-0: Called Strike
0-1: Fly out, F4 (Popup, 34)
Batting: RHB Eugene Salazar 0-0: Ball
1-0: Called Strike
1-1: Swinging Strike
1-2: Ball
2-2: Ball
3-2: Ground out 6-3 (Groundball, 6)
Batting: RHB Vincent Braun 0-0: Called Strike
0-1: Ball
1-1: Fly out, F9 (Flyball, 9LMF)
Bottom of the 3rd over - 0 run(s), 0 hit(s), 0 error(s), 0 left on base; H.H. Dow HS 5 - Bishop Gorman HS 1
TOP OF THE 4TH
H.H. Dow HS Chargers batting - Pitching for Bishop Gorman HS : RHP Dan Gibson
Batting: LHB Gary Powers 0-0: Called Strike
0-1: Ball
1-1: Foul Ball, location: 2F
1-2: Ground out 4-3 (Groundball, 4)
Batting: RHB Kris Ballard 0-0: Ball
1-0: Swinging Strike
1-1: Fly out, F9 (Flyball, 9M)
Batting: RHB Matt Osborne 0-0: Ball
1-0: Called Strike
1-1: Foul Ball, location: 2F
1-2: Ball
2-2: Fly out, F3 (Popup, 13)
Top of the 4th over - 0 run(s), 0 hit(s), 0 error(s), 0 left on base; H.H. Dow HS 5 - Bishop Gorman HS 1
BOTTOM OF THE 4TH
Bishop Gorman HS batting - Pitching for H.H. Dow HS Chargers : RHP Dustin Taylor
Batting: RHB Gary Robinson 0-0: Fly out, F6 (Popup, 6D)
Batting: RHB Joe Atkinson 0-0: Swinging Strike
0-1: Foul Ball, location: 2F
0-2: Strikes out swinging
Batting: SHB Darren Ramsey 0-0: Called Strike
0-1: Swinging Strike
0-2: SINGLE (Flyball, 7LM)
Batting: RHB Tim Bonner 0-0: Called Strike
Darren Ramsey steals 2nd base
0-1: Called Strike
0-2: Foul Ball, location: 2F
0-2: Strikes out swinging
Bottom of the 4th over - 0 run(s), 1 hit(s), 0 error(s), 1 left on base; H.H. Dow HS 5 - Bishop Gorman HS 1
TOP OF THE 5TH
H.H. Dow HS Chargers batting - Pitching for Bishop Gorman HS : RHP Dan Gibson
Pitching: RHP Jim Edmiston
Batting: SHB Caden Keith 0-0: Fly out, F5 (Popup, 5SF)
Batting: LHB José Morales 0-0: Called Strike
0-1: Ball
1-1: Ball
2-1: Fly out, F7 (Flyball, 78S)
Batting: RHB Jesús Domínguez 0-0: Fly out, F9 (Line Drive, 89M)
Top of the 5th over - 0 run(s), 0 hit(s), 0 error(s), 0 left on base; H.H. Dow HS 5 - Bishop Gorman HS 1
BOTTOM OF THE 5TH
Bishop Gorman HS batting - Pitching for H.H. Dow HS Chargers : RHP Dustin Taylor
Batting: LHB Jack Jefferson 0-0: Ball
1-0: Ball
2-0: Ball
3-0: Called Strike
3-1: Called Strike
3-2: Base on Balls
Batting: RHB Kip Murphy 0-0: Ball
1-0: Foul Ball, location: 2F
1-1: Ball
2-1: Ball
3-1: Foul Ball, location: 2F
3-2: Base on Balls
Jack Jefferson to second
Batting: LHB Jean-Sébastien Beaudin 0-0: Swinging Strike
0-1: Swinging Strike
0-2: Ball
1-2: Ball
2-2: Strikes out looking
Batting: RHB Eugene Salazar 0-0: Called Strike
0-1: Foul Ball, location: 2F
0-2: Foul Ball, location: 2F
0-2: Fly out, F8 (Flyball, 8LM)
Batting: RHB Vincent Braun 0-0: Swinging Strike
0-1: Called Strike
0-2: Ball
1-2: Ball
Wild Pitch!
Jack Jefferson to third
Kip Murphy to second
2-2: Ball
3-2: Strikes out swinging
Bottom of the 5th over - 0 run(s), 0 hit(s), 0 error(s), 2 left on base; H.H. Dow HS 5 - Bishop Gorman HS 1
TOP OF THE 6TH
H.H. Dow HS Chargers batting - Pitching for Bishop Gorman HS : RHP Jim Edmiston
Batting: RHB Tanner Albert 0-0: Ball
1-0: Called Strike
1-1: Called Strike
1-2: DOUBLE (Line Drive, 7LM)
Batting: LHB Larry Battle 0-0: Fly out, F7 (Flyball, 78M)
Batting: LHB Paul Cotton 0-0: Called Strike
0-1: Ground out U3 (Groundball, 3S)
Tanner Albert to third
Batting: LHB Gary Powers 0-0: Called Strike
0-1: Ball
1-1: Ball
2-1: DOUBLE (Flyball, 78M)
Tanner Albert scores
Batting: RHB Kris Ballard 0-0: Fly out, F6 (Line Drive, 6)
Top of the 6th over - 1 run(s), 2 hit(s), 0 error(s), 1 left on base; H.H. Dow HS 6 - Bishop Gorman HS 1
BOTTOM OF THE 6TH
Bishop Gorman HS batting - Pitching for H.H. Dow HS Chargers : RHP Dustin Taylor
Pitching: LHP Flint Alonso
Batting: RHB Gary Robinson 0-0: Ball
1-0: Foul Ball, location: 2F
1-1: SINGLE (Flyball, 8LS)
Batting: RHB Joe Atkinson 0-0: SINGLE (Line Drive, 56D)
Gary Robinson to second
Batting: SHB Darren Ramsey 0-0: Ball
1-0: Ball
2-0: Ball
3-0: Base on Balls
Gary Robinson to third
Joe Atkinson to second
Batting: RHB Tim Bonner 0-0: Called Strike
0-1: Foul Ball, location: 2F
0-2: Strikes out looking
Batting: LHB Jack Jefferson 0-0: Ball
1-0: Called Strike
1-1: Ball
2-1: Ball
3-1: Swinging Strike
3-2: Foul Ball, location: 2F
3-2: Base on Balls
Gary Robinson scores
Joe Atkinson to third
Darren Ramsey to second
Batting: RHB Kip Murphy 0-0: Ball
1-0: Ball
2-0: Fly out, F9 (Flyball, 9M)
Runner from 3rd tags up, SCORES, throw made
Batting: LHB Jean-Sébastien Beaudin 0-0: Fly out, F5 (Popup, 56D)
Bottom of the 6th over - 2 run(s), 2 hit(s), 0 error(s), 2 left on base; H.H. Dow HS 6 - Bishop Gorman HS 3
TOP OF THE 7TH
H.H. Dow HS Chargers batting - Pitching for Bishop Gorman HS : RHP Jim Edmiston
Pitching: RHP Máximo Rivera
Batting: RHB Matt Osborne 0-0: Ball
1-0: Foul Ball, location: 2F
1-1: Fly out, F3 (Popup, 3DF)
Batting: SHB Caden Keith 0-0: Ball
1-0: SOLO HOME RUN (Flyball, 89XD), Distance : 394 ft
Batting: LHB José Morales 0-0: Fly out, F8 (Flyball, 8RM)
Batting: RHB Jesús Domínguez 0-0: Foul Ball, location: 2F
0-1: Ball
1-1: Ball
2-1: SINGLE (Line Drive, 4MD)
Batting: RHB Tanner Albert 0-0: Called Strike
0-1: Foul Ball, location: 2F
0-2: Ball
1-2: Ball
2-2: Ground out 5-3 (Groundball, 5S)
Top of the 7th over - 1 run(s), 2 hit(s), 0 error(s), 1 left on base; H.H. Dow HS 7 - Bishop Gorman HS 3
BOTTOM OF THE 7TH
Bishop Gorman HS batting - Pitching for H.H. Dow HS Chargers : LHP Flint Alonso
Batting: RHB Eugene Salazar 0-0: Called Strike
0-1: SINGLE (Groundball, 6MD)
Batting: RHB Vincent Braun 0-0: Called Strike
0-1: Ground out 2-3 (Groundball, 25)
Eugene Salazar to second
Batting: RHB Gary Robinson 0-0: Ball
1-0: Ball
2-0: Foul Ball, location: 2F
2-1: Ball
3-1: Base on Balls
Batting: RHB Joe Atkinson 0-0: Ball
1-0: Grounds into double play, U6-3 (Groundball, 6M)
Bottom of the 7th over - 0 run(s), 1 hit(s), 0 error(s), 1 left on base; H.H. Dow HS 7 - Bishop Gorman HS 3
TOP OF THE 8TH
H.H. Dow HS Chargers batting - Pitching for Bishop Gorman HS : RHP Máximo Rivera
Batting: LHB Larry Battle 0-0: Called Strike
0-1: Ball
1-1: Ball
2-1: Ball
3-1: Base on Balls
Batting: LHB Paul Cotton 0-0: Ball
1-0: Bunt - Flyout! F2
Batting: LHB Gary Powers 0-0: Foul Ball, location: 2F
0-1: Ground out 4-3 (Groundball, 4M)
Larry Battle to second
Batting: RHB Kris Ballard 0-0: Ball
1-0: Swinging Strike
1-1: Swinging Strike
1-2: Ball
2-2: Foul Ball, location: 2F
2-2: SINGLE (Groundball, 56)
Larry Battle to third
Runner from 3rd tries for Home, SAFE, no throw or cutoff
Batting: RHB Matt Osborne 0-0: Ball
1-0: Foul Ball, location: 2F
1-1: Ball
2-1: Ball
3-1: Foul Ball, location: 2F
3-2: Fly out, F7 (Line Drive, 7M)
Top of the 8th over - 1 run(s), 1 hit(s), 0 error(s), 1 left on base; H.H. Dow HS 8 - Bishop Gorman HS 3
BOTTOM OF THE 8TH
Bishop Gorman HS batting - Pitching for H.H. Dow HS Chargers : LHP Flint Alonso
Pitching: RHP Johnny Anderson
Batting: SHB Darren Ramsey 0-0: Ball
1-0: Swinging Strike
1-1: Fly out, F8 (Popup, 8RS)
Batting: RHB Tim Bonner 0-0: Ground out 6-3 (Groundball, 56)
Batting: LHB Jack Jefferson 0-0: SINGLE (Line Drive, 34D)
Batting: RHB Kip Murphy 0-0: Called Strike
0-1: Foul Ball, location: 2F
0-2: Ball
1-2: Ball
2-2: Fly out, F8 (Flyball, 8LM)
Bottom of the 8th over - 0 run(s), 1 hit(s), 0 error(s), 1 left on base; H.H. Dow HS 8 - Bishop Gorman HS 3
TOP OF THE 9TH
H.H. Dow HS Chargers batting - Pitching for Bishop Gorman HS : RHP Máximo Rivera
Batting: SHB Caden Keith 0-0: Called Strike
0-1: Ball
Reached via error on a dropped throw, E3
Batting: LHB José Morales 0-0: Ball
1-0: Fly out, F8 (Flyball, 8LD)
Batting: RHB Jesús Domínguez 0-0: Swinging Strike
0-1: Ball
1-1: Foul Ball, location: 2F
1-2: Foul Ball, location: 2F
1-2: Strikes out swinging
Pitching: LHP Miguel Aragón
Batting: RHB Tanner Albert 0-0: Called Strike
0-1: Ball
Caden Keith is caught stealing 2nd base
Top of the 9th over - 0 run(s), 0 hit(s), 1 error(s), 0 left on base; H.H. Dow HS 8 - Bishop Gorman HS 3
BOTTOM OF THE 9TH
Bishop Gorman HS batting - Pitching for H.H. Dow HS Chargers : RHP Johnny Anderson
Now at C: John Small
Batting: LHB Jean-Sébastien Beaudin 0-0: Ball
1-0: Called Strike
1-1: Swinging Strike
1-2: Foul Ball, location: 2F
1-2: Foul Ball, location: 2F
1-2: SINGLE (Line Drive, 4M)
Batting: RHB Eugene Salazar 0-0: Ball
1-0: Ball
2-0: Called Strike
2-1: Ball
3-1: Base on Balls
Jean-Sébastien Beaudin to second
Batting: RHB Vincent Braun 0-0: Ball
1-0: Foul Ball, location: 2F
1-1: Ball
2-1: Ball
3-1: Foul Ball, location: 2F
3-2: Fly out, F9 (Flyball, 9LS)
Batting: RHB Gary Robinson 0-0: Ball
1-0: Fly out, F6 (Popup, 6MD)
Batting: RHB Joe Atkinson 0-0: Ball
1-0: Ball
2-0: Ball
3-0: Called Strike
3-1: Ground out 5-3 (Groundball, 5L)
Bottom of the 9th over - 0 run(s), 1 hit(s), 0 error(s), 2 left on base; H.H. Dow HS 8 - Bishop Gorman HS 3
This league is powered by Out of the Park Baseball, the baseball management simulation game for PC, Mac and Linux
Wednesday, December 2nd, 2015 - OOTP Baseball 16.8 Build 38